Map: King's Cove LE

Players

Mez

  • Race: Terran Terran
  • League: Master
  • Spawn Location: 5:00

A.I. 1 (Very Easy) - Winner!

  • Race: Zerg Zerg
  • Spawn Location: 11:00

VOD

Have the link to the VOD?

Description

Time

  • Played on: Aug. 14, 2019, 6:39 p.m.
  • Length: 12:04
Show
View Real Time Build Order
Export as new Build Order

Mez Terran 

Build Orders: Reaper Expand, Hellion Banshee 

Get SALT Encoding   

  12  0:01  SCV  
  13  0:13  SCV  
  14  0:18  Supply Depot  
  14  0:26  SCV  
  15  0:39  SCV  
  15  0:42  Barracks  
  16  0:45  Refinery  
  16  0:52  SCV  
  17  1:04  SCV  
  18  1:16  SCV  
  19  1:30  Reaper, Orbital Command  
  20  1:44  Command Center  
  20  1:52  Supply Depot  
  20  1:57  SCV  
  21  2:02  Marine  
  22  2:10  SCV  
  22  2:15  Factory  
  23  2:17  Refinery  
  23  2:22  SCV  
  24  2:25  Barracks Reactor  
  24  2:34  SCV  
  25  2:46  SCV  
  26  2:56  Orbital Command  
  26  2:58  SCV  
  27  3:00  Starport  
  27  3:07  Hellion x2  
  27  3:11  SCV  
  32  3:14  Supply Depot  
  32  3:15  Barracks Tech Lab  
  32  3:21  SCV  
  32  3:23  SCV  
  34  3:31  Hellion x2  
  38  3:40  SCV  
  38  3:41  SCV  
  40  3:43  Banshee  
  40  3:44  Cloaking Field  
  43  3:53  Hellion x2  
  43  3:54  SCV  
  48  3:56  SCV  
  48  4:01  Supply Depot  
  49  4:06  SCV  
  49  4:08  SCV  
  53  4:18  SCV  
  53  4:22  SCV  
  53  4:28  Banshee  
  53  4:29  Command Center  
  56  4:32  SCV  
  56  4:34  SCV, Supply Depot  
  58  4:43  Factory  
  58  4:44  SCV  
  59  4:46  SCV  
  59  4:47  Factory  
  59  4:52  Refinery  
  60  4:54  Refinery  
  60  4:57  SCV, Barracks Tech Lab  
  60  4:58  SCV  
  62  5:01  Supply Depot  
  62  5:09  SCV  
  62  5:11  Banshee  
  66  5:16  SCV  
  66  5:21  SCV  
  68  5:22  Hellion  
  68  5:23  Hellion  
  68  5:28  Supply Depot  
  72  5:31  SCV  
  72  5:33  SCV  
  74  5:37  Factory Tech Lab  
  74  5:43  SCV, Armory, Orbital Command  
  74  5:44  Armory  
  74  5:47  Cyclone  
  74  5:48  Hellion  
  80  5:55  Banshee  
  83  5:58  Cyclone  
  83  6:00  SCV x2  
  88  6:12  Supply Depot  
  88  6:14  Orbital Command  
  88  6:16  Hellion x2  
  92  6:19  Cyclone  
  92  6:23  SCV  
  96  6:28  Supply Depot  
  96  6:30  Cyclone  
  99  6:36  Refinery  
  99  6:41  SCV, Supply Depot  
  99  6:42  SCV x2  
  99  6:43  Banshee  
  99  6:45  Mag-Field Accelerator  
  105  6:48  Hellion x2  
  109  6:55  Terran Vehicle Weapons Level 1  
  109  7:00  SCV x2  
  111  7:05  Refinery  
  111  7:06  SCV  
  111  7:08  Cyclone x2  
  118  7:12  SCV x2, Terran Vehicle And Ship Armor Level 1  
  120  7:17  Engineering Bay  
  120  7:19  Hellion x2  
  124  7:25  SCV, Supply Depot  
  124  7:26  Supply Depot  
  125  7:30  Supply Depot  
  125  7:33  Infernal Pre-Igniter  
  125  7:43  Factory x2  
  125  7:47  SCV x3, Banshee  
  131  7:54  Supply Depot  
  131  7:59  SCV  
  131  8:00  Cyclone  
  131  8:01  Hellion x2, Cyclone  
  142  8:17  Command Center  
  142  8:22  Hellion  
  142  8:23  Hellion  
  146  8:28  Factory Tech Lab x2  
  146  8:30  SCV x2  
  146  8:31  SCV  
  146  8:33  Cyclone x2  
  155  8:36  Supply Depot  
  155  8:37  Supply Depot  
  155  8:38  Supply Depot  
  155  8:42  SCV  
  155  8:43  SCV  
  155  8:44  Factory  
  155  8:45  Factory x2  
  157  8:57  SCV  
  157  8:58  Cyclone x2  
  157  8:59  Hellion x2, Terran Vehicle Weapons Level 2  
  168  9:27  Cyclone x2  
  168  9:29  Hellion x2  
  168  9:30  Cyclone  
  181  9:39  Command Center  
  181  9:41  Refinery  
  181  9:45  Refinery  
  181  9:56  Cyclone  
  181  9:57  Factory Tech Lab x2  
  181  9:58  Factory Tech Lab  
  181  9:59  Cyclone x2  
  190  10:02  Cyclone  
  193  10:10  Planetary Fortress  
  193  10:50  Command Center  
  193  11:06  Barracks Tech Lab  
Show
View Real Time Build Order
Export as new Build Order

A.I. 1 (Very Easy) Zerg - Winner!

Build Orders: Pool First 

Get SALT Encoding   

  12  0:01  Drone  
  13  0:12  Overlord  
  13  0:18  Drone  
  14  0:36  Spawning Pool  
  14  0:39  Drone  
  14  0:42  Extractor  
  13  0:46  Drone  
  14  0:54  Overlord  
  14  1:23  Zergling x2  
  14  1:25  Queen  
  17  1:34  Roach Warren  
  17  1:36  Extractor  
  17  1:39  Drone  
  16  1:46  Drone  
  17  1:53  Zergling x2  
  18  2:07  Drone  
  19  2:14  Drone  
  20  2:22  Zergling x2, Drone  
  22  2:33  Overlord  
  22  2:38  Drone  
  23  2:45  Drone  
  24  2:51  Roach  
  24  2:52  Drone  
  27  5:14  Zergling x2  
  27  7:31  Drone  
  27  7:32  Lair, Overlord  
  28  7:39  Drone, Hatchery  
  28  7:46  Drone  
  29  7:53  Drone  
  30  8:00  Drone  
  31  8:07  Drone  
  31  8:24  Zergling x2  
  28  8:29  Overseer x2  
  28  8:32  Spire  
  28  8:33  Drone  
  28  8:52  Drone  
  29  8:58  Extractor  
  29  8:59  Drone, Extractor  
  28  9:06  Drone  
  28  9:13  Drone  
  29  9:20  Drone  
  29  9:21  Overseer  
  30  9:27  Drone  
  30  9:28  Zergling x2  
  30  9:31  Overlord, Overseer  
  31  9:35  Drone  
  31  9:42  Drone  
  27  9:50  Drone  
  27  9:51  Overlord  
  27  9:55  Hatchery  
  27  9:57  Zergling x2, Drone  
  28  10:05  Drone  
  29  10:12  Drone  
  30  10:19  Drone  
  31  10:26  Drone, Roach  
  34  10:33  Drone  
  34  10:34  Overlord  
  35  10:40  Drone  
  36  10:48  Drone  
  37  10:55  Drone  
  38  11:02  Drone  
  39  11:09  Drone  
  40  11:13  Mutalisk  
  40  11:16  Drone  
  43  11:23  Drone  
  44  11:30  Drone  
  45  11:38  Drone  
  46  11:45  Drone  
Tags
 
Add a new tag
Caveats
  • Supply blocks, unpowered buildings, or Contaminate may cause inaccurate times.
  • Supply counts are checked every 10 seconds.